 Dungeon Crawl Stone Soup version 0.32-a0-42-ga30500b4d3 (webtiles) character file.

Game seed: 7846692140599855547

148392 Ambrosia the Warrior (level 16, 0/127 HPs)
             Began as a Demonspawn Fighter on Feb 2, 2024.
             Was the Champion of Hepliaklqana.
             Shot with an arrow by a satyr (23 damage)
             ... on level 4 of the Shoals.
             The game lasted 01:14:43 (38813 turns).

Ambrosia the Warrior (Demonspawn Fighter)          Turns: 38813, Time: 01:14:44

Health: 0/127      AC: 19    Str: 35    XL:     16   Next: 94%
Magic:  27/27      EV: 11    Int:  9    God:    Hepliaklqana [******]
Gold:   3458       SH: 11    Dex: 14    Spells: 15/15 levels left

rFire   + . .        G - +4 spear (distort) {!w}
rCold   + . .        c - +3 buckler
rNeg    . . .        q - +3 robe of Clouds {*Thunder rCloud rElec}
rPois   .            (helmet unavailable)
rElec   +            Q - scarf of Grottiness {rC+ rF+, Str+6}
rCorr   .            i - +2 pair of gloves
SInv    +            l - +0 pair of boots
Will    ++...        b - amulet of faith {Faith, !P}
Stlth   +            L - +6 ring of strength
HPRegen 0.41/turn    h - +4 ring of protection
MPRegen 0.20/turn

%: faith
@: no status effects
A: reduced essence, antennae 3, thin metallic scales 3, demonic guardian 2,
powered by pain 2, demonic willpower
a: Renounce Religion, Recall Ancestor, Ancestor Identity, Transference, Idealise


You were on level 4 of the Shoals.
You worshipped Hepliaklqana.
Hepliaklqana was exalted by your worship.
You visited 4 branches of the dungeon, and saw 25 of its levels.
You also visited: Bailey and Ice Cave.

You collected 3911 gold pieces.
You spent 453 gold pieces at shops.

Inventory:

Hand Weapons
 g - the +9 spear of the Arena {drain, rN++}
   (You found it on level 2 of the Dungeon)

   rN++:      It greatly protects you from negative energy.
 G - a +4 spear of distortion (weapon) {!w}
   (You took it off a gnoll sergeant on level 12 of the Dungeon)
Missiles
 e - 5 throwing nets {=f, !d}
Armour
 c - a +3 buckler (worn)
 i - a +2 pair of gloves (worn)
   (You bought it in a shop on level 6 of the Dungeon)
 l - a +0 pair of boots (worn)
   (You found it in a bailey)
 q - the +3 robe of Clouds (worn) {*Thunder rCloud rElec}
   (You found it in a bailey)

   *Thunder:  It occasionally creates storm clouds above nearby enemies.
   rCloud:    It grants its wearer immunity to clouds.
   rElec:     It insulates you from electricity.
 Q - the scarf of Grottiness (worn) {rC+ rF+, Str+6}
   (You acquired it on level 2 of the Shoals)

   Str+6:     It affects your strength (+6).
Jewellery
 b - an amulet of faith (around neck) {Faith, !P}
   (You found it on level 10 of the Dungeon)
 h - a +4 ring of protection (right hand)
   (You took it off a hobgoblin on level 3 of the Dungeon)
 L - a +6 ring of strength (left hand)
   (You found it on level 2 of the Shoals)
Wands
 j - a wand of iceblast (12)
   (You found it on level 4 of the Lair of Beasts)
 k - a wand of quicksilver (9)
   (You found it on level 6 of the Dungeon)
 m - a wand of flame (28)
   (You found it on level 6 of the Dungeon)
 s - a wand of charming (10)
   (You found it on level 9 of the Dungeon)
 A - a wand of mindburst (6)
   (You found it on level 10 of the Dungeon)
 N - a wand of polymorph (3)
   (You found it on level 1 of the Shoals)
Scrolls
 o - a scroll of teleportation {!r!d, @r3}
 r - a scroll of immolation {!r}
 t - 3 scrolls of fear
 v - 7 scrolls of poison
 z - 4 scrolls of amnesia
 C - 6 scrolls of identify {@r1}
 I - a scroll of silence
 J - 5 scrolls of vulnerability {!r!r}
 M - a scroll of revelation
 O - 2 scrolls of noise {!r}
 P - a scroll of fog
Potions
 a - a potion of lignification {!q}
 d - 5 potions of brilliance
 f - 3 potions of ambrosia
 n - a potion of haste
 p - a potion of berserk rage {!q}
 u - 2 potions of mutation {!q}
 w - 3 potions of attraction {!q}
 x - 2 potions of degeneration {!q}
 B - 2 potions of enlightenment
 D - a potion of cancellation
 E - 4 potions of curing {@q1, !d}
 F - 6 potions of magic
Miscellaneous
 H - a phial of floods (inert)
   (You found it on level 5 of the Lair of Beasts)


   Skills:
 * Level 17.6 Fighting
 + Level 11.7 Polearms
 + Level 12.0 Armour
 + Level 14.3 Shields
 * Level 15.8 Invocations


You had 15 spell levels left.
You didn't know any spells.
Your spell library contained the following spells:

 Spells                   Type           Power      Damage    Failure   Level
 Kiss of Death            Conj/Necr      0%         2d5       41%         1
 Magic Dart               Conj           0%         1d3       41%         1
 Slow                     Hex            0%         N/A       41%         1
 Blink                    Tloc           0%         N/A       54%         2
 Lesser Beckoning         Tloc           0%         N/A       54%         2
 Momentum Strike          Conj/Tloc      0%         3d8       54%         2
 Searing Ray              Conj           0%         2d4       54%         2
 Static Discharge         Conj/Air       0%         3-3/arc   54%         2
 Confusing Touch          Hex            0%         N/A       78%         3
 Hailstorm                Conj/Ice       0%         3d5       78%         3
 Ozocubu's Armour         Ice            0%         N/A       78%         3
 Sigil of Binding         Hex            0%         N/A       78%         3
 Summon Ice Beast         Ice/Summ       0%         N/A       78%         3
 Vampiric Draining        Necr           0%         2d6       78%         3
 Airstrike                Air            0%         2d(0-16)  99%         4
 Animate Armour           Summ/Erth      0%         N/A       99%         4
 Dispel Undead            Necr           0%         3d6       99%         4
 Fulminant Prism          Conj/Alch      0%         3d5       99%         4
 Summon Lightning Spire   Summ/Air       0%         N/A       99%         4
 Lee's Rapid Deconstruct  Erth           0%         3d4*      100%        5
 Metabolic Englaciation   Hex/Ice        0%         N/A       100%        5
 Sculpt Simulacrum        Ice/Alch       0%         N/A       100%        6
 Haunt                    Necr/Summ      0%         N/A       100%        7
 Borgnjor's Revivificati  Necr           0%         N/A       100%        8
 Death's Door             Necr           0%         N/A       100%        9


Dungeon Overview and Level Annotations

Branches:
Dungeon (15/15) Zot: 25337  Temple (1/1) D:6 Zot: 5919    Lair (5/5) D:11 Zot: 21636
 Shoals (4/4) Lair:2 Zot: 15705  Spider (0/4) Lair:2        Slime (0/5) Lair:4
    Orc (0/2) D:11         Vaults (0/5) D:13         Depths (0/4) D:15
 Bailey (visited)           IceCv (visited)

Altars:
Ashenzari
Cheibriados
Dithmenos
Fedhas
Gozag
Hepliaklqana
Kikubaaqudgha
Makhleb
Nemelex Xobeh
Okawaru
Qazlal
Ru
Sif Muna
Trog
Uskayaw
Vehumet
Wu Jian
Xom
Yredelemnul
Jiyva

Shops:
D:1 (   D:3 !   D:6 *   D:7 ?   D:13 [

Annotations:
D:11 exclusions: battlemage, 4 tormentors and 28 more exclusions
Abyss:1 Polyphemus


Innate Abilities, Weirdness & Mutations

Your life essence is reduced to manifest your ancestor. (-10% HP)
You have a pair of large antennae on your head. (SInv)
You are completely covered in thin metallic scales. (AC +4, rElec)
A demonic guardian rushes to your aid.
You sometimes gain power by taking damage.
You punish those that try to bend your will. (Will+)


Message History

The faun unwields a +0 club.
The faun wields a +0 sling.
The faun shoots a sling bullet.
You block the sling bullet.
The faun shoots a sling bullet.
You block the sling bullet.
The faun shoots a sling bullet.
The sling bullet hits you but does no damage.
The faun shoots a sling bullet.
The sling bullet hits you but does no damage.
The faun shoots a sling bullet.
You block the sling bullet.
The faun gestures at you while chanting.
You easily resist.
Your will lashes out at the faun.
The faun shoots a sling bullet.
The sling bullet hits you!
You take 12 damage, and have 49/127 hp.
There is a stone staircase leading up here.
You climb upwards.
My E-Girlfriend emerges from the mists of memory!
There is a stone staircase leading down here.
You start resting.
You feel a little less mighty now.
You regained 10 hp, and now have 61/127 hp.
You start resting.
You start resting.
Health restored: 127 You start waiting.
Done waiting.
You start waiting.
Done waiting.
You climb downwards.
There is a stone staircase leading up here.
My E-Girlfriend barely misses the faun.
There is a stone staircase leading up here.
Reach: G) +4 spear (distort) {!w}
Press: ? - help, Dir - move target, f - faun
Aim: a faun, wielding a +0 sling (ally target, about 25% to evade your +4 spear of distortion)
You reach to attack!
You puncture the faun!
The faun points at you and mumbles some strange words.
My E-Girlfriend resists with some effort.
Reach: G) +4 spear (distort) {!w}
Press: ? - help, Dir - move target, f/p - faun
Aim: a faun, wielding a +0 sling (moderately wounded, ally target, about 25% to evade your +4 spear of distortion)
You reach to attack!
You barely miss the faun.
My E-Girlfriend hits the faun with a +0 quarterstaff!!
You reach to attack!
You closely miss the faun.
The faun gestures at you while chanting.
My E-Girlfriend's willpower is stripped away!
You reach to attack!
You puncture the faun!
Space warps horribly around the faun!
You kill the faun!
You start waiting.
A satyr is nearby!
A satyr is nearby!
You climb upwards.
There is a stone staircase leading down here.
You start waiting.
Done waiting.
You climb downwards.
The satyr shouts!
The satyr plays a frightful melody on its pipes!
The satyr radiates an aura of fear!
You resist with almost no effort.
There is a stone staircase leading up here.
The satyr plays a frightful melody on its pipes!
The satyr radiates an aura of fear!
You are terrified of the satyr!
The satyr unwields a +3 heavy spear.
The satyr wields a +0 longbow.
The satyr shoots an arrow.
You block the arrow.
There is a stone staircase leading up here.
The satyr shoots an arrow.
The arrow hits you!!
You take 33 damage, and have 94/127 hp.
MASSIVE DAMAGE!!
You cannot move closer to the satyr!
You are too injured to fight recklessly!
The satyr shoots an arrow.
The arrow closely misses My E-Girlfriend.
The arrow hits you!
My E-Girlfriend gestures at the satyr while chanting.
The stone arrow hits the satyr!!
You take 13 damage, and have 81/127 hp.
The satyr shoots an arrow.
The arrow hits My E-Girlfriend!
The satyr shoots an arrow.
The arrow closely misses My E-Girlfriend.
The arrow hits you!!
My E-Girlfriend gestures at the satyr while chanting.
The bolt of magma hits the satyr!!
You take 31 damage, and have 51/127 hp.
MASSIVE DAMAGE!!
The satyr shoots an arrow.
The arrow hits My E-Girlfriend!
My E-Girlfriend points at the satyr and mumbles some strange words.
The bolt of magma misses the satyr.
The satyr shoots an arrow.
The arrow hits My E-Girlfriend!
The satyr shoots an arrow.
My E-Girlfriend has departed this plane of existence.
The satyr plays a lulling melody on its pipes!
You fall asleep.
The satyr shoots an arrow.
The arrow hits you.
You wake up.
You take 6 damage, and have 47/127 hp.
You are no longer terrified.
The satyr shoots an arrow.
The arrow hits you!!
* * * LOW HITPOINT WARNING * * *
A demonic guardian appears!
There is a stone staircase leading up, spattered with blood here.
You take 26 damage, and have 22/127 hp.
MASSIVE DAMAGE!!
The satyr shoots an arrow.
The arrow hits you!!
You die...

#####..~#..c#...#.###~~~≈≈≈≈≈≈≈~~
~.#.##''#)..#''#..#.~~~~≈≈≈≈≈≈≈~~
~~~~~~~~.)..#~~~~~~~~~~~≈≈≈≈≈≈~~~
~~...~.~.#..#......~~~~~≈≈≈≈~~~~~
~~......)#'#~......~~~~~≈≈≈~~~~~~
~......<...~....P...~~~~≈≈≈~~~~~~
~...#..P.~.c.P.##..P~~~~≈≈≈~~~~~~
~...##.P..P)..)##4..~~~≈≈≈≈~~~~~~
~~.....P.<).....@.P~~~≈≈≈≈≈~~~~~~
~~~..P.....P......~~~≈≈≈≈≈≈~~~~~~
~~~~~~~~~~~~~~~~~~~~≈≈≈≈≈≈~~~~~~~
≈≈≈≈≈≈≈≈≈≈≈≈≈≈≈≈≈≈≈≈≈≈≈≈≈~~~~~~~~
≈≈≈≈≈≈≈≈≈≈≈≈≈≈≈≈≈≈≈≈≈≈≈≈≈~~~~~~~~
~~≈≈≈≈≈≈≈≈≈≈≈≈≈≈≈≈≈≈≈≈≈≈≈~~~~~~~~
~~≈≈≈≈≈≈≈≈≈≈≈≈≈≈≈≈≈≈≈≈≈≈≈~~~~~~~~
~~≈≈≈≈≈≈≈≈≈≈≈≈≈≈≈≈≈≈≈≈≈≈≈~~~~~~~~
~~~~~~~~~~~~~~~~~~~~~~~~~~~~~~~~~


You could see a satyr (ally target) and a friendly ice devil (summoned).

Vanquished Creatures
  Ilsuiw (Shoals:3)
  A stone giant (D:15)
  A merfolk javelineer (Shoals:3)
  A fire dragon (D:13)
  A rakshasa (D:14)
  An ice dragon (Lair:5)
  A hydra (D:13)
  Fannar (D:12)
  2 merfolk aquamancers (Shoals:3)
  An alligator snapping turtle (Shoals:3)
  A catoblepas (Shoals:2)
  A vault guard (D:13)
  An ogre mage (D:15)
  5 two-headed ogres (D:9 D:15)
  2 tengu warriors (D:14 D:15)
  A boulder beetle (D:14)
  2 death knights (D:11)
  3 satyrs (Shoals:4)
  A centaur warrior (Shoals:2)
  Urug (Lair:3)
  7 death yaks (Lair:4 IceCv Shoals:2)
  A skeletal warrior (D:15)
  Amaemon (Lair:3)
  A skyshark (Lair:3)
  17 sea snakes (Shoals:1 Shoals:2 Shoals:3 Shoals:4)
  2 lindwurms (Lair:5)
  A necromancer (Lair:4)
  A phantasmal warrior (D:15)
  19 harpies (Shoals:1 Shoals:3 Shoals:4)
  2 deep elf pyromancers (D:13 D:14)
  An orc knight (D:11)
  A cyclops (Shoals:3)
  5 ugly things (IceCv D:13 D:15)
  10 manticores (Lair:2 D:15 Shoals:1 Shoals:2 Shoals:3)
  6 fauns (Shoals:1 Shoals:4)
  Maurice (D:10)
  3 black mambas (Lair:4 Lair:2 Lair:5)
  A meliai (Lair:5)
  A water nymph (Shoals:2)
  Joseph (Lair:1)
  3 torpor snails (Lair:3 Lair:5)
  7 merfolk sirens (Shoals:1 Shoals:3)
  Maggie (Lair:1)
  3 rime drakes (Lair:4 D:13)
  9 komodo dragons (Lair:1 Lair:2 Lair:4 Lair:3 Lair:5)
  7 cane toads (Lair:1 Lair:2 Lair:4 Lair:5)
  An unseen horror (D:11)
  A cane toad (shapeshifter) (D:15)
  2 kobold demonologists (Bailey)
  A freezing wraith (D:15)
  2 yaktaurs (D:14)
  A troll (D:11)
  7 merfolk (Shoals:1 Shoals:2 Shoals:3)
  8 polar bears (IceCv)
  Grinder (D:3)
  2 tyrant leeches (Lair:5)
  A wind drake (Shoals:3)
  9 hornets (D:9 Lair:5)
  13 blink frogs (Lair:1 Lair:2 Lair:3)
  3 snapping turtles (Shoals:2 Shoals:3)
  A dream sheep (Shoals:3)
  3 water elementals (Shoals:1 Shoals:2)
  A shadow (D:11)
  44 yaks (Lair:1 Lair:2 Lair:4 Lair:3 D:12)
  6 wraiths (D:9 D:11 D:12 D:14)
  A wyvern (D:10)
  2 basilisks (Lair:5 D:14)
  A vampire (D:13)
  2 steam dragons (D:7 Lair:5)
  3 vampire mosquitoes (D:12)
  5 acid dragons (D:10 D:11 Lair:5 D:12)
  12 water moccasins (Lair:2 Lair:4 Lair:3 Lair:5)
  2 black bears (D:4)
  An ice beast (D:8)
  20 orc warriors (D:6 Bailey D:9 D:11)
  A black bear (shapeshifter) (D:13)
  2 ogres (D:4 D:15)
  11 wolves (D:11 IceCv)
  2 centaurs (D:8)
  2 kobold brigands (D:7 D:9)
  10 bullfrogs (D:7 D:8 Lair:1 Lair:3 Lair:4)
  8 scorpions (D:4 Lair:2)
  3 wights (D:7)
  10 killer bees (D:11 Lair:5)
  3 howler monkeys (D:4 D:7 D:10)
  An electric eel (Bailey)
  A bombardier beetle (D:5)
  A gnoll bouda (D:8)
  9 orc priests (D:4 D:5 D:6 D:11)
  Jessica (D:3)
  5 iguanas (D:4 D:5 Lair:5)
  A sleepcap (D:4)
  Terence (D:3)
  A hell rat (Lair:4)
  12 orc wizards (D:5 D:6 D:9 D:11)
  Natasha (D:4)
  3 polar bear simulacra (Lair:4)
  A yak simulacrum (Lair:4)
  16 gnolls (D:1 D:2 D:6 Bailey D:8)
  10 adders (D:2 D:3 D:5 D:4 D:6)
  3 river rats (D:5 D:4 Lair:4)
  A shadow imp (D:7)
  2 white imps (D:6 D:8)
  2 ufetubi (D:4)
  3 dart slugs (D:4 D:5)
  6 ribbon worms (D:2 D:4 D:5 Lair:2)
  46 orcs (D:3 D:5 D:4 D:6 Bailey)
  7 ball pythons (D:1 D:2 D:3 D:4)
  6 endoplasms (D:2 D:3 D:4)
  13 giant cockroaches (D:1 D:2 D:4)
  10 goblins (D:1 D:2 D:3 D:4 Bailey)
  13 hobgoblins (D:1 D:2 D:3 D:4 Bailey)
  4 quokkas (D:1 D:2 D:3)
  7 bats (D:1 D:2 D:3)
  2 frilled lizards (D:1)
  14 kobolds (D:1 D:2 D:3 D:4 D:7)
  4 rats (D:1 D:2 D:3)
  2 river rat simulacra (Lair:4)
558 creatures vanquished.

Vanquished Creatures (collateral kills)
  Kirke (D:12)
  The ghost of Ozorab the Covert, a journeyman NaHs of Dithmenos (Lair:4)
  The ghost of jasper the Nimble, a journeyman SpAl of Sif Muna (Lair:5)
  A rakshasa (D:13)
  An ice dragon (Lair:5)
  2 two-headed ogres (D:10 D:12)
  A catoblepas (Lair:5)
  A merfolk avatar (Shoals:1)
  A centaur warrior (Shoals:1)
  A death knight (D:11)
  5 death yaks (Lair:4 Shoals:2)
  A tengu warrior (D:15)
  3 satyrs (Shoals:4)
  A fire crab (Lair:4)
  2 skeletal warriors (D:11)
  2 skysharks (Lair:4 Shoals:3)
  8 sea snakes (Shoals:1 Shoals:2 Shoals:3)
  A swamp dragon (Lair:5)
  3 harpies (Shoals:3 Shoals:4)
  3 deep elf pyromancers (D:13 D:14 D:15)
  An oklob plant (Shoals:1)
  A cyclops (D:14)
  4 manticores (Lair:2 D:15 Shoals:1 Shoals:2)
  2 merfolk sirens (Shoals:3 Shoals:4)
  2 black mambas (Lair:4 Lair:5)
  4 fauns (Shoals:1 Shoals:4)
  A water nymph (Shoals:4)
  An ice statue (IceCv)
  3 torpor snails (Lair:5)
  A gargoyle (D:11)
  An orange demon (Lair:3)
  4 cane toads (Lair:4 Lair:2 Lair:3 Lair:5)
  A kobold demonologist (D:13)
  3 yaktaurs (D:14)
  An efreet (D:15)
  3 rime drakes (Lair:2 IceCv)
  2 komodo dragons (Lair:2 Lair:5)
  A queen bee (Lair:5)
  2 trolls (D:8 D:12)
  A wind drake (Shoals:3)
  A tyrant leech (Lair:5)
  5 merfolk (Shoals:3)
  A polar bear (IceCv)
  A polar bear (shapeshifter) (D:15)
  3 hornets (Lair:5)
  8 blink frogs (Lair:1 Lair:2 Lair:4 Lair:3)
  A snapping turtle (Shoals:2)
  A dream sheep (Shoals:3)
  3 slime creatures (D:13)
  A shadow (D:10)
  A wyvern (Lair:4)
  2 water elementals (Shoals:1 Shoals:4)
  19 yaks (Lair:2 Lair:4 Lair:3 IceCv)
  A vampire mosquito (D:12)
  2 basilisks (Lair:2 Lair:5)
  3 hogs (D:12 D:11)
  An acid dragon (D:12)
  3 swamp drakes (Lair:5)
  2 water moccasins (D:5 Lair:5)
  2 black bears (D:7)
  An ogre (D:15)
  10 wolves (D:11 Lair:4 IceCv)
  A brain worm (shapeshifter) (D:15)
  2 bullfrogs (Lair:2 Lair:4)
  2 scorpions (D:6 Lair:2)
  A gnoll sergeant (D:12)
  2 killer bees (Lair:5)
  2 orc priests (D:11)
  A jelly (D:8)
  An orc wizard (D:11)
  2 iguanas (Lair:5)
  3 polar bear simulacra (Lair:4)
  2 yak simulacra (Lair:4)
  6 gnolls (Bailey D:8 D:12)
  8 orcs (Bailey D:9 D:11)
  A goblin (Bailey)
  2 kobolds (D:7)
187 creatures vanquished.

Vanquished Creatures (others)
  A faun (Shoals:4)
  A human (D:12)
  42 battlemagi (D:9 D:11 Lair:1 Lair:2 Lair:4)
  An orc wizard (D:6)
  4 ancestors (Bailey)
49 creatures vanquished.

Grand Total: 794 creatures vanquished

Notes
Turn   | Place    | Note
-------+----------+-------------------------------------------
     0 | D:1      | Ambrosia the Demonspawn Fighter began the quest for the
                  | Orb.
     0 | D:1      | Reached XP level 1. HP: 18/18 MP: 1/1
    42 | D:1      | elongatedgoose: do pew pew polarm
    48 | D:1      | Ambrosia: wyat
   110 | D:1      | Gained mutation: You have a pair of small antennae on your
                  | head. [demonic ancestry]
   110 | D:1      | Reached XP level 2. HP: 20/24 MP: 2/2
   110 | D:1      | Ambrosia: SEE
   110 | D:1      | Ambrosia: BAD SEEDS
   290 | D:1      | Reached skill level 3 in Shields
   359 | D:1      | Reached skill level 2 in Polearms
   379 | D:1      | Found Dausiogru's Antique Weapon Shoppe.
   711 | D:2      | Gained mutation: You are partially covered in thin metallic
                  | scales. (AC +2) [demonic ancestry]
   711 | D:2      | Reached XP level 3. HP: 29/29 MP: 3/3
   735 | D:2      | elongatedgoose: get better?
   736 | D:2      | HP: 13/29 [gnoll/+0 spear (4)]
   741 | D:2      | HP: 7/29 [gnoll/+0 spear (5)]
   750 | D:2      | Reached skill level 3 in Armour
   750 | D:2      | Ambrosia: how tf did I just survive that
   865 | D:2      | Ambrosia: pack of gnolls on d2 is crazy
   868 | D:2      | elongatedgoose: i died
   895 | D:2      | Ambrosia: get better?
   895 | D:2      | elongatedgoose: yep
   895 | D:2      | Ambrosia: indeed
   903 | D:2      | Gained mutation: You are mostly covered in thin metallic
                  | scales. (AC +3) [demonic ancestry]
   903 | D:2      | Reached XP level 4. HP: 37/37 MP: 4/4
  1058 | D:2      | Ambrosia: gtg
  1058 | D:2      | Ambrosia: bai
  1141 | D:2      | Found a faded altar of an unknown god.
  1273 | D:2      | elongatedgoose: sp hu
  1273 | D:2      | Ambrosia: what
  1387 | D:2      | elongatedgoose: spriggan pew pew
  1494 | D:2      | Identified the +9 spear of the Arena {drain, rN++}
  1541 | D:2      | Ambrosia: ew
  1547 | D:2      | Reached skill level 4 in Fighting
  1609 | D:3      | Found Tuorar's Distillery.
  1613 | D:3      | Noticed Terence
  1618 | D:3      | Ambrosia: terence on d3
  1618 | D:3      | Ambrosia: bruh
  1631 | D:3      | HP: 17/37 [Terence/+1 short sword of flaming (6)]
  1637 | D:3      | Killed Terence
  1638 | D:3      | Gained mutation: You are completely covered in thin
                  | metallic scales. (AC +4, rElec) [demonic ancestry]
  1638 | D:3      | Reached XP level 5. HP: 34/42 MP: 5/5
  1672 | D:3      | elongatedgoose: LLLLLLLLLLLl
  1701 | D:3      | HP: 20/42 [orc/+0 hand axe (2)]
  1827 | D:3      | Noticed Jessica
  1834 | D:3      | Killed Jessica
  1882 | D:3      | Identified a scroll of acquirement
  1882 | D:3      | Ambrosia: LLLLLLLLL TO YOU BITCH
  1882 | D:3      | Ambrosia: HAAAAAAAAAAAAAAAAAAA
  1882 | D:3      | elongatedgoose: loser
  1882 | D:3      | elongatedgoose: bro my games lagging
  1882 | D:3      | Ambrosia: loser
  1882 | D:3      | elongatedgoose: fr
  1882 | D:3      | Acquired 904 gold pieces
  1924 | D:3      | elongatedgoose: it legit got me killed
  1957 | D:3      | Ambrosia: ha
  1964 | D:3      | Noticed Grinder
  1967 | D:3      | elongatedgoose: nigger
  1971 | D:3      | Paralysed by Grinder for 4 turns
  2244 | D:3      | Paralysed by Grinder for 4 turns
  2253 | D:3      | Paralysed by Grinder for 2 turns
  2265 | D:3      | HP: 21/42 [Grinder/nerve-wracking pain (13)]
  2266 | D:3      | Killed Grinder
  2267 | D:3      | Reached skill level 4 in Shields
  2267 | D:3      | Reached XP level 6. HP: 25/50 MP: 6/6
  2609 | D:4      | HP: 25/50 [black bear (3)]
  2612 | D:4      | HP: 12/50 [black bear (3)]
  2614 | D:4      | Reached skill level 5 in Fighting
  2614 | D:4      | Reached skill level 3 in Polearms
  2742 | D:4      | Gained mutation: A weak demonic guardian rushes to your
                  | aid. [demonic ancestry]
  2742 | D:4      | Reached XP level 7. HP: 53/56 MP: 7/7
  2760 | D:4      | elongatedgoose: ur so mean
  2764 | D:4      | Ambrosia: ur so racist
  2773 | D:4      | Noticed Natasha
  2784 | D:5      | Entered Level 5 of the Dungeon
  2844 | D:5      | elongatedgoose: nah
  2850 | D:5      | elongatedgoose: just funny
  2850 | D:5      | Ambrosia: never say that again. I'm not black but I swear
                  | to god if you use slurs I will kick or even ban u
  2850 | D:5      | Ambrosia: no curse words
  2850 | D:5      | Ambrosia: slurs
  2850 | D:5      | Ambrosia: like rtrd and that
  2870 | D:5      | Reached skill level 5 in Shields
  2893 | D:5      | elongatedgoose: is cunt a slur?
  2914 | D:5      | elongatedgoose: like im dead serious
  2969 | D:4      | Ambrosia: yes
  2969 | D:4      | Ambrosia: same with whore
  2969 | D:4      | Ambrosia: slut idgas but
  2969 | D:4      | Ambrosia: oh at thot
  2969 | D:4      | elongatedgoose: so every insulting word is a slur
  2969 | D:4      | elongatedgoose: thats dumb
  2969 | D:4      | Ambrosia: every disriminating word is a slur
  2969 | D:4      | elongatedgoose: im not discriminating
  2969 | D:4      | elongatedgoose: ill call a cunt a cunt :P
  2969 | D:4      | elongatedgoose: ill call a not cunt a cunt
  2969 | D:4      | Ambrosia: n word is against black people, rtrd is against
                  | autstic, and all of those other words are against women
  2969 | D:4      | Ambrosia: yeah ok buddy, see where that gets u
  2998 | D:4      | elongatedgoose: and when i call my dude friends a cunt
  3005 | D:4      | elongatedgoose: its against women?
  3005 | D:4      | Ambrosia: No?
  3005 | D:4      | Ambrosia: like saying ngr to a white person isn't racist
                  | lol
  3005 | D:4      | elongatedgoose: then im not discriminting
  3005 | D:4      | Ambrosia: bro
  3005 | D:4      | Ambrosia: do you even know what cunt means?
  3005 | D:4      | elongatedgoose: im using the words on everyone :P
  3093 | D:4      | Reached skill level 4 in Armour
  3095 | D:4      | elongatedgoose: do you :P
  3103 | D:4      | Ambrosia: yes??
  3103 | D:4      | Ambrosia: It's a literal term for abusing a woman
  3103 | D:4      | Ambrosia: dumbass
  3103 | D:4      | elongatedgoose: ok
  3125 | D:4      | elongatedgoose: and dumbass is offensive
  3130 | D:4      | Ambrosia: it doesn't discriminate
  3130 | D:4      | elongatedgoose: so why dont i give a fuck when you use it
                  | hmm
  3130 | D:4      | Ambrosia: because it's not a slur
  3130 | D:4      | Ambrosia: bruh
  3130 | D:4      | elongatedgoose: neither does using cunt with everyone
                  | equally
  3130 | D:4      | Ambrosia: use your brain please
  3130 | D:4      | elongatedgoose: i am
  3130 | D:4      | Ambrosia: cunt literally means abusing a woman
  3130 | D:4      | elongatedgoose: source?
  3130 | D:4      | Ambrosia: how tf do you use that equally
  3130 | D:4      | Ambrosia: google dumbass
  3130 | D:4      | elongatedgoose: proof link pls
  3130 | D:4      | Ambrosia: cunt kənt noun cunt plural noun cunts a woman's
                  | genitals. a term of abuse for a woman. an unpleasant or
                  | stupid person.
  3130 | D:4      | Ambrosia: dumbass
  3130 | D:4      | elongatedgoose: yea
  3130 | D:4      | elongatedgoose: see how it also says person
  3226 | D:4      | elongatedgoose: unplesant
  3226 | D:4      | elongatedgoose: or stupid
  3226 | D:4      | elongatedgoose: i use it in that idea
  3226 | D:4      | Ambrosia: exactly
  3226 | D:4      | Ambrosia: doesn't mean you use it equally
  3513 | D:4      | Reached skill level 6 in Fighting
  3883 | D:5      | HP: 23/58 [water moccasin (7)]
  3888 | D:5      | HP: 13/58 [poisoned by a water moccasin]
  3891 | D:5      | HP: 6/58 [poisoned by a water moccasin]
  3893 | D:5      | Reached XP level 8. HP: 6/64 MP: 8/8
  3896 | D:5      | HP: 3/64 [poisoned by a water moccasin]
  4890 | D:4      | HP: 32/65 [poisoned by a scorpion]
  5028 | D:4      | Killed Natasha
  5270 | D:5      | Reached skill level 6 in Shields
  5325 | D:5      | Reached skill level 4 in Polearms
  6078 | D:6      | Found a staircase to the Ecumenical Temple.
  6093 | Temple   | Entered the Ecumenical Temple
  6132 | Temple   | Became a worshipper of Hepliaklqana the Forgotten
  6326 | D:6      | Reached skill level 7 in Fighting
  6613 | D:6      | Found Otaimm's General Store.
  6628 | D:6      | Bought a +2 pair of gloves for 165 gold pieces
  6726 | D:6      | Reached skill level 5 in Armour
  6863 | D:6      | Reached * piety under Hepliaklqana
  6872 | D:6      | Found a stormy altar of Qazlal.
  6917 | D:6      | Found a shimmering altar of Xom.
  7009 | D:7      | Gained mutation: You have a pair of antennae on your head.
                  | [demonic ancestry]
  7009 | D:7      | Reached XP level 9. HP: 47/64 MP: 9/9
  7258 | D:7      | Found Diedigif's Magic Scroll Boutique.
  7259 | D:7      | Found a flagged portal.
  7276 | D:7      | Bought a scroll of blinking for 90 gold pieces
  7276 | D:7      | Bought a scroll of teleportation for 36 gold pieces
  7282 | Bailey   | Entered a bailey
  7329 | Bailey   | Reached skill level 7 in Shields
  7433 | Bailey   | Reached skill level 8 in Fighting
  7538 | Bailey   | Reached skill level 5 in Polearms
  7575 | Bailey   | Noticed a kobold demonologist
  7592 | Bailey   | Noticed an ice devil
  7597 | Bailey   | Killed a kobold demonologist
  7724 | Bailey   | Found an iron altar of Okawaru.
  7724 | Bailey   | Noticed a kobold demonologist
  7730 | Bailey   | Noticed an ice devil
  7762 | Bailey   | Killed a kobold demonologist
  7763 | Bailey   | Reached skill level 8 in Shields
  7859 | Bailey   | Found the +3 robe of Clouds {*Thunder rCloud rElec}
  8201 | Bailey   | Acquired 800 gold pieces
  8223 | D:7      | Bought a scroll of identify for 24 gold pieces
  8223 | D:7      | Bought a scroll of enchant armour for 90 gold pieces
  8223 | D:7      | Bought a scroll of identify for 24 gold pieces
  8223 | D:7      | Bought a scroll of identify for 24 gold pieces
  8409 | D:7      | Reached skill level 9 in Fighting
  8409 | D:7      | Gained mutation: You sometimes gain a little power by
                  | taking damage. [demonic ancestry]
  8409 | D:7      | Reached XP level 10. HP: 74/74 MP: 10/10
  8414 | D:7      | Reached skill level 6 in Armour
  8882 | D:7      | Reached skill level 10 in Fighting
  8882 | D:7      | Reached skill level 6 in Polearms
  8882 | D:7      | Reached skill level 7 in Armour
  8882 | D:7      | Reached skill level 9 in Shields
  8882 | D:7      | Gained mutation: You punish those that try to bend your
                  | will. (Will+) [demonic ancestry]
  8882 | D:7      | Reached XP level 11. HP: 82/82 MP: 11/11
  8987 | D:8      | Reached skill level 10 in Shields
  9528 | D:8      | Rudyous: cheese says go battle mage for hep, i also say
                  | battle mage
  9528 | D:8      | Rudyous: it can like two shot taimut
  9528 | D:8      | Rudyous: tiamut*
  9528 | D:8      | Ambrosia: I was planning on it
  9528 | D:8      | Ambrosia: where is cheese?
  9528 | D:8      | Rudyous: he is dead
  9528 | D:8      | Ambrosia: ah ok
  9528 | D:8      | Rudyous: (he is doing work)
  9528 | D:8      | Ambrosia: oh
  9528 | D:8      | Ambrosia: I forgot
  9528 | D:8      | Ambrosia: u guys are in same school
  9545 | D:8      | Rudyous: oh you got your tier 3 mut already
  9545 | D:8      | Ambrosia: ye
  9545 | D:8      | Ambrosia: these are some pretty nice muts
  9545 | D:8      | Rudyous: thats damnation i think?
  9545 | D:8      | Ambrosia: ?
  9545 | D:8      | Ambrosia: what
  9653 | D:9      | Reached ** piety under Hepliaklqana
  9659 | D:9      | Reached skill level 11 in Fighting
  9891 | D:9      | Noticed a two-headed ogre
  9892 | D:9      | Ambrosia: yay
  9898 | D:9      | Killed a two-headed ogre
  9915 | D:9      | Rudyous: its flat damage
  9915 | D:9      | Rudyous: like 60 or something
  9915 | D:9      | Remembered your ancestor My E-Girlfriend as a battlemage
  9916 | D:9      | Rudyous: irresistible
  9916 | D:9      | Ambrosia: ah
  9916 | D:9      | Ambrosia: you mean this?
  9980 | D:9      | Ambrosia: do your ancestors level up or sum?
  9980 | D:9      | Rudyous: yeah
  9980 | D:9      | Rudyous: its with piety i think?
  9980 | D:9      | Ambrosia: any way to tell their level?
  9980 | D:9      | Ambrosia: oh
  9980 | D:9      | Ambrosia: makes sense
  9980 | D:9      | Rudyous: it learns crystal spear eventually
  9990 | D:9      | Rudyous: i think it tells you
  9997 | D:9      | Reached skill level 7 in Polearms
 10007 | D:9      | Rudyous: but also you will notice it using stronger spells
 10007 | D:9      | Ambrosia: oh hi cheese
 10007 | D:9      | TheSexyCheese: hey baby
 10007 | D:9      | Ambrosia: tf
 10007 | D:9      | TheSexyCheese: tsalking to rudy
 10007 | D:9      | Ambrosia: ah
 10007 | D:9      | Ambrosia: oop
 10007 | D:9      | Ambrosia: and he gone
 10007 | D:9      | Ambrosia: why the fuck did cheese call u baby lol
 10007 | D:9      | Ambrosia: actually I don't want to know
 10084 | D:9      | Rudyous: idk why
 10315 | D:9      | Ambrosia: lol
 10347 | D:10     | Entered Level 10 of the Dungeon
 10644 | D:10     | Noticed Maurice
 10653 | D:10     | Maurice stole an amulet of magic regeneration
 10655 | D:10     | Killed Maurice
 10832 | D:10     | Noticed a two-headed ogre
 10837 | D:10     | Killed a two-headed ogre
 10846 | D:10     | Reached *** piety under Hepliaklqana
 11514 | D:11     | Found a staircase to the Orcish Mines.
 11555 | D:11     | Noticed an orc knight
 11583 | D:11     | Killed an orc knight
 11594 | D:11     | HP: 42/85 [orc warrior/+0 battleaxe (25)]
 11598 | D:11     | Ambrosia: this robe op against orcs lol
 11846 | D:11     | Noticed a skeletal warrior
 11862 | D:11     | Killed a skeletal warrior
 11960 | D:11     | Noticed a skeletal warrior
 11974 | D:11     | HP: 39/85 [skeletal warrior/+0 halberd (16)]
 11979 | D:11     | HP: 16/85 [skeletal warrior/+0 halberd (12)]
 11980 | D:11     | Killed a skeletal warrior
 11981 | D:11     | Reached skill level 11 in Shields
 12130 | D:11     | Noticed a death knight
 12140 | D:11     | Killed a death knight
 12141 | D:11     | Reached skill level 12 in Fighting
 12229 | D:11     | Noticed a death knight
 12232 | D:11     | HP: 39/85 [death knight/+3 halberd (14)]
 12237 | D:11     | HP: 22/85 [mirror damage (16)]
 12238 | D:11     | Killed a death knight
 12239 | D:11     | Gained mutation: A demonic guardian rushes to your aid.
                  | [demonic ancestry]
 12239 | D:11     | Reached XP level 12. HP: 24/91 MP: 12/12
 12430 | D:11     | Ambrosia: owie
 12430 | D:11     | Ambrosia: where tf are these enemies coming from
 12438 | D:11     | Noticed a death knight
 12447 | D:11     | Rudyous: vault thats open
 12452 | D:11     | Ambrosia: ah
 12457 | D:11     | Killed a death knight
 12458 | D:11     | Reached skill level 8 in Armour
 12619 | D:11     | HP: 35/91 [??? (21)]
 12886 | D:11     | HP: 36/91 [??? (21)]
 13287 | D:11     | Found a blossoming altar of Fedhas.
 13333 | D:11     | Found a staircase to the Lair.
 13958 | D:11     | HP: 37/92 [??? (22)]
 13960 | D:11     | HP: 16/92 [??? (8)]
 14387 | Lair:1   | Entered Level 1 of the Lair of Beasts
 14429 | Lair:1   | Noticed Maggie
 14437 | Lair:1   | Killed Maggie
 14473 | Lair:1   | Noticed Joseph
 14489 | Lair:1   | Killed Joseph
 14616 | Lair:1   | Reached skill level 8 in Polearms
 15385 | Lair:2   | Identified the amulet of Senext {Spirit Str-5 Int+5}
 15434 | Lair:2   | Reached skill level 13 in Fighting
 15436 | Lair:2   | Reached skill level 12 in Shields
 15583 | Lair:2   | Reached **** piety under Hepliaklqana
 15621 | Lair:2   | You fall into a shaft and drop 2 floors!
 15623 | Lair:4   | Rudyous: i gtg for a bit, gl
 15658 | Lair:4   | Reached skill level 1 in Invocations
 15683 | Lair:4   | Reached skill level 2 in Invocations
 15791 | Lair:4   | Found a viscous altar of Jiyva.
 15797 | Lair:4   | Found a staircase to the Slime Pits.
 15834 | Lair:4   | Reached skill level 3 in Invocations
 15875 | Lair:3   | Reached XP level 13. HP: 97/99 MP: 15/15
 15958 | Lair:2   | Found a staircase to the Shoals.
 15969 | Lair:2   | Reached skill level 4 in Invocations
 16317 | Lair:2   | Reached skill level 9 in Armour
 16322 | Lair:2   | Found a hole to the Spider Nest.
 16788 | Lair:2   | Reached skill level 5 in Invocations
 16949 | Lair:3   | Noticed Amaemon
 16958 | Lair:3   | Killed Amaemon
 17419 | Lair:3   | Reached skill level 6 in Invocations
 17422 | Lair:3   | Reached skill level 9 in Polearms
 17743 | Lair:3   | Reached ***** piety under Hepliaklqana
 17777 | Lair:3   | Noticed Urug
 17782 | Lair:3   | Killed Urug
 17783 | Lair:3   | Reached skill level 14 in Fighting
 18366 | Lair:4   | Reached skill level 7 in Invocations
 18439 | Lair:4   | Found a runed translucent gate.
 18440 | Lair:4   | Found a runed translucent gate.
 18440 | Lair:4   | Found a runed translucent gate.
 18441 | Lair:4   | Noticed Ozorab's ghost (journeyman NaHs)
 18843 | Lair:4   | Reached skill level 8 in Invocations
 18883 | Lair:4   | Found a bloodstained altar of Trog.
 19434 | Lair:4   | HP: 48/102 [fire crab (8)]
 19824 | Lair:4   | Gained mutation: You sometimes gain power by taking damage.
                  | [demonic ancestry]
 19824 | Lair:4   | Reached XP level 14. HP: 103/108 MP: 20/20
 19877 | Lair:4   | Killed Ozorab's ghost
 20018 | Lair:5   | Entered Level 5 of the Lair of Beasts
 20140 | Lair:5   | Noticed jasper's ghost (journeyman SpAl)
 20165 | Lair:5   | Found a transporter.
 20501 | Lair:5   | Found a transporter.
 20586 | Lair:5   | Reached skill level 9 in Invocations
 21007 | Lair:5   | elongatedgoose: sso any not nice word is a slur
 21007 | Lair:5   | Ambrosia: you got temp banned?
 21190 | Lair:5   | elongatedgoose: no
 21190 | Lair:5   | Ambrosia: then what happened?
 21239 | Lair:5   | elongatedgoose: left to do assignment
 21243 | Lair:5   | HP: 50/108 [meliai/divine providence (7)]
 21248 | Lair:5   | HP: 32/108 [poisoned by jasper's ghost (toxic radiance)]
 21454 | Lair:5   | Ambrosia: ah
 21633 | Lair:5   | Killed jasper's ghost
 21883 | Lair:5   | Reached skill level 10 in Armour
 21886 | Lair:5   | elongatedgoose: cunt isnt a slur :P
 21886 | Lair:5   | HP: 53/108 [hornet (5)]
 22091 | Lair:5   | Reached skill level 13 in Shields
 22105 | Lair:5   | Ambrosia: yes
 22105 | Lair:5   | Ambrosia: it
 22105 | Lair:5   | Ambrosia: is
 22291 | Lair:5   | Ambrosia: it is a demeaning word
 22362 | Lair:5   | Reached skill level 15 in Fighting
 22362 | Lair:5   | Reached skill level 10 in Invocations
 22648 | Lair:5   | elongatedgoose: everything is a demeaning word
 22736 | Lair:5   | Ambrosia: no
 22736 | Lair:5   | Ambrosia: dumbass
 22745 | Lair:5   | elongatedgoose: dumbass is demening
 22931 | D:12     | Noticed Kirke
 22938 | D:11     | elongatedgoose: stop using it
 22947 | D:12     | Killed Kirke
 23423 | D:12     | Reached skill level 10 in Polearms
 23688 | D:12     | Noticed Fannar
 23694 | D:12     | Killed Fannar
 24165 | D:13     | Found a frozen archway.
 24170 | D:13     | HP: 53/110 [something/bolt of fire (18)]
 24173 | IceCv    | Entered an ice cave
 24690 | IceCv    | Reached skill level 11 in Invocations
 25522 | IceCv    | elongatedgoose: it insults my intelligence when in fact im
                  | a fairly smart guy i just dont give a fuck about how you
                  | dont like the words i use
 25535 | IceCv    | Ambrosia: fine
 25535 | IceCv    | Ambrosia: one sec gotta fix rc file
 25535 | IceCv    | Ambrosia: lol
 25539 | IceCv    | elongatedgoose: L
 25922 | IceCv    | Noticed a frost giant
 25960 | IceCv    | HP: 47/110 [death yak (12)]
 25966 | IceCv    | HP: 45/110 [death yak (1)]
 25975 | IceCv    | Gained mutation: You have a pair of large antennae on your
                  | head. (SInv) [demonic ancestry]
 25975 | IceCv    | Reached XP level 15. HP: 50/116 MP: 23/23
 25992 | IceCv    | Banished a frost giant
 26649 | D:13     | Found Yxuapn's Armour Shoppe.
 27296 | D:13     | HP: 50/117 [fire dragon/blast of flame (23)]
 27299 | D:13     | Reached skill level 12 in Invocations
 27479 | D:13     | Found a gate to the Vaults.
 27538 | D:13     | Identified the +3 leather armour of Miracles {rN+ rCorr
                  | MP-9}
 27957 | D:14     | Reached ****** piety under Hepliaklqana
 28515 | D:14     | Found an opulent altar of Gozag.
 28814 | D:15     | Entered Level 15 of the Dungeon
 28966 | D:15     | Found a shadowy altar of Dithmenos.
 29007 | D:15     | Reached skill level 16 in Fighting
 29037 | D:15     | HP: 53/117 [phantasmal warrior[a death knight] (24)]
 29544 | D:15     | Reached skill level 13 in Invocations
 29624 | D:15     | HP: 58/117 [tengu warrior/arrow (12)]
 29628 | D:15     | HP: 22/117 [tengu warrior/arrow (10)]
 30114 | D:15     | Reached skill level 11 in Armour
 30306 | D:15     | Found a staircase to the Depths.
 30563 | Shoals:1 | Entered Level 1 of the Shoals
 31210 | Shoals:1 | Reached skill level 11 in Polearms
 32123 | Shoals:2 | Noticed Polyphemus
 32140 | Shoals:2 | Banished Polyphemus
 32141 | Shoals:2 | Reached XP level 16. HP: 112/125 MP: 26/26
 32148 | Shoals:2 | Reached skill level 14 in Invocations
 32222 | Shoals:2 | Acquired the scarf of Grottiness {rC+ rF+, Str+6}
 32964 | Shoals:3 | Noticed Ilsuiw
 32973 | Shoals:3 | Killed Ilsuiw
 32982 | Shoals:3 | HP: 49/126 [wind drake/the air (20)]
 33482 | Shoals:3 | Reached skill level 14 in Shields
 33576 | Shoals:3 | HP: 48/126 [cyclops/large rock (20)]
 33579 | Shoals:3 | Reached skill level 17 in Fighting
 33606 | Shoals:3 | HP: 53/126 [rock wall collision (8)]
 34102 | Shoals:3 | HP: 63/126 [merfolk/+0 trident[a merfolk javelineer] (20)]
 34436 | Shoals:3 | HP: 60/126 [sea snake (14)]
 34611 | Shoals:3 | Reached skill level 15 in Invocations
 34643 | Shoals:3 | HP: 61/126 [sea snake (14)]
 35535 | Shoals:4 | Entered Level 4 of the Shoals
 36592 | Shoals:4 | HP: 61/126 [manticore/volley of spikes (10)]
 36600 | Shoals:4 | HP: 51/126 [barbs]
 36606 | Shoals:4 | HP: 39/126 [satyr/arrow (19)]
 37562 | Shoals:4 | HP: 57/126 [satyr/arrow (12)]
 38240 | Shoals:4 | HP: 56/127 [faun/+0 spear (21)]
 38242 | Shoals:4 | Reached skill level 12 in Armour
 38251 | Shoals:4 | Identified the +3 dire flail "Tadgh" {flame, +Blink Fly
                  | Str+3 Int+2}
 38276 | Shoals:4 | HP: 49/127 [faun/sling bullet (12)]
 38805 | Shoals:4 | HP: 51/127 [satyr/arrow (31)]
 38810 | Shoals:4 | HP: 47/127 [satyr/arrow (6)]
 38812 | Shoals:4 | HP: 22/127 [satyr/arrow (26)]
 38813 | Shoals:4 | Shot with an arrow by a satyr

Illustrated notes

Levels and vault maps discovered:
D:1:      minmay_arrival_doors, layout_rooms, serial_shops, shop
D:2:      minmay_roachtagon, layout_basic, basic_ecumenical_altar
D:3:      layout_basic, serial_shops, nicolae_shop_tiny_statue_garden,
          minmay_bisected, uniq_terence, uniq_jessica, uniq_grinder
D:4:      layout_rooms, lightli_sewer_entry_pipes, uniq_natasha
D:5:      layout_cave_pools, serial_co_window_serial, co_window_paths_b,
          co_window_corner_a, co_window_paths_a, co_window_paths_a,
          co_window_of_opportunity_a, co_window_2corner, co_window_broadway_c,
          co_window_corner_ca, co_window_broadway_a, co_window_of_opportunity_c,
          co_window_paths_d, glass_columns_a, glass_columns_a,
          nicolae_ossuary_entry_false_entrances
D:6:      layout_basic, mainiacjoe_overflow_two_lobes,
          minmay_temple_entry_arrows, serial_shops,
          nicolae_shop_advertising_works [nicolae_subvault_shop_adworks],
          nicolae_zig_zag_zippers
D:7:      layout_basic, enter_bailey_2, serial_shops, shop
D:8:      layout_basic, nicolae_tricolors
D:9:      layout_loops_ring, st_stairs_14
D:10:     layout_loops_ring, uniq_maurice
D:11:     cheibrodos_tormentor_scu, layout_loops_ring,
          erik_lair_orcish_takeover, david_orc_5, st_stairs_11, fedhas_altar_2
D:12:     layout_roguey, uniq_kirke, uniq_fannar
D:13:     layout_gridville, david_vaults_4, portal_ice_cave_rime, serial_shops,
          shop
D:14:     layout_roguey, grunt_gozag_breadcrumbs, tso_altar
D:15:     grunt_enter_depths_snipers, layout_small_grid,
          nicolae_dithmenos_shadow_blocks, st_stairs_3
Temple:   nicolae_temple_bog_church
Lair:1:   layout_loops_ring, uniq_maggie, uniq_joseph
Lair:2:   layout_gridlike, minmay_shoals_entry_beasts,
          nicolae_spider_entry_non_spiders, columned_hall_lemuel
Lair:3:   layout_layer_cave, uniq_amaemon, uniq_urug
Lair:4:   layout_loops_ring, slime_entry_1, basic_altar, gammafunk_ghost_split,
          st_stairs_8, eino_house_with_fridge
Lair:5:   wormcave, layout_big_grid, guppyfry_lair_end_dragon,
          gammafunk_ghost_hive
Shoals:1: layout_shoals, dpeg_stationary_puzzle
Shoals:2: layout_shoals, uniq_polyphemus
Shoals:3: cheibrodos_shoals_three_sisters, layout_shoals,
          nicolae_shoals_arrival_archipelago, uniq_ilsuiw
Shoals:4: shoals_end_hellmonk_lost_city, uniq_mlioglotl

Skill      XL: |  1  2  3  4  5  6  7  8  9 10 11 12 13 14 15 16 |
---------------+-------------------------------------------------+-----
Shields        | 3 4 5 6 8 9 11 12 13 14 | 14.3
Polearms       | 2 3 4 5 6 7 8 9 10 11 | 11.7
Armour         | 3 4 5 7 8 9 10 11 12 | 12.0
Fighting       | 4 5 6 7 9 10 12 13 14 15 16 17 | 17.6
Invocations    | 3 8 11 13 15 | 15.8

Action                     |  1- 3 |  4- 6 |  7- 9 | 10-12 | 13-15 | 16-18 || total
---------------------------+-------+-------+-------+-------+-------+-------++-------
  Melee: Trident           |    86 |   206 |   248 |       |       |       ||   540
         Spear             |       |       |   253 |   437 |  1077 |   335 ||  2102
  Throw: Javelin           |       |       |       |       |       |     5 ||     5
 Invoke: Ancestor Identity |       |       |     1 |       |       |       ||     1
         Recall Ancestor   |       |       |       |     2 |     2 |     4 ||     8
         Ancestor Life: Ba |       |       |       |     1 |       |       ||     1
         Idealise          |       |       |       |       |     2 |       ||     2
  Evoke: Wand              |       |       |     1 |       |     3 |    23 ||    27
         Phial of floods   |       |       |       |       |     1 |     1 ||     2
    Use: Scroll            |     1 |     5 |    10 |     6 |    16 |    10 ||    48
         Potion            |     1 |     2 |     5 |     4 |     6 |     4 ||    22
   Stab: Invisible         |       |       |     6 |       |       |       ||     6
         Distracted        |       |       |       |     3 |    12 |     4 ||    19
         Sleeping          |       |       |       |     1 |     1 |     1 ||     3
         Confused          |       |       |       |       |     1 |       ||     1
         Petrifying        |       |       |       |       |     1 |       ||     1
         Petrified         |       |       |       |       |     1 |       ||     1
 Armour: Scale mail        |    56 |   179 |   337 |       |       |       ||   572
         Robe              |       |       |     8 |   111 |   373 |   226 ||   718
  Dodge: Dodged            |    26 |   105 |   226 |    75 |   166 |    92 ||   690
  Block: Buckler           |    13 |    64 |    97 |    71 |   263 |   129 ||   637

Table legend: (Time is in decaauts)
 A = Elapsed time spent in this place.
 B = Non-inter-level travel time spent in this place.
 C = Inter-level travel time spent in this place.
 D = Time resting spent in this place.
 E = Time spent auto-exploring this place.
 F = Levels seen in this place.
 G = Mean time per level.
                   A        B        C        D        E       F      G
               +--------+--------+--------+--------+--------+-----+--------+
         Total |  38621 |  37469 |   1152 |  15785 |  15732 |  27 | 1430.4 |
       Dungeon |  18771 |  18135 |    636 |   6799 |   8501 |  15 | 1251.4 |
        Temple |     80 |     62 |     18 |      0 |      0 |   1 |   80.0 |
          Lair |   8363 |   7979 |    384 |   2514 |   4304 |   5 | 1672.6 |
        Shoals |   8293 |   8181 |    112 |   4705 |   2383 |   4 | 2073.2 |
        Bailey |    940 |    940 |      0 |    212 |    266 |   1 |  940.0 |
      Ice Cave |   2172 |   2172 |      0 |   1555 |    276 |   1 | 2172.0 |
               +--------+--------+--------+--------+--------+-----+--------+

Top non-repeatable levels by time:
Shoals:3: 4857 daAuts
    D:11: 3270 daAuts
  Lair:5: 2752 daAuts
   IceCv: 2172 daAuts
     D:5: 1917 daAuts
  Lair:4: 1861 daAuts
Shoals:2: 1733 daAuts
     D:4: 1664 daAuts
    D:15: 1554 daAuts
  Lair:3: 1500 daAuts
    D:13: 1327 daAuts
  Lair:2: 1324 daAuts
Shoals:1: 1122 daAuts
    D:14: 1119 daAuts
    D:12: 1031 daAuts

Levels and vault maps discovered:
D:1:      minmay_arrival_doors, layout_rooms, serial_shops, shop
D:2:      minmay_roachtagon, layout_basic, basic_ecumenical_altar
D:3:      layout_basic, serial_shops, nicolae_shop_tiny_statue_garden,
          minmay_bisected, uniq_terence, uniq_jessica, uniq_grinder
D:4:      layout_rooms, lightli_sewer_entry_pipes, uniq_natasha
D:5:      layout_cave_pools, serial_co_window_serial, co_window_paths_b,
          co_window_corner_a, co_window_paths_a, co_window_paths_a,
          co_window_of_opportunity_a, co_window_2corner, co_window_broadway_c,
          co_window_corner_ca, co_window_broadway_a, co_window_of_opportunity_c,
          co_window_paths_d, glass_columns_a, glass_columns_a,
          nicolae_ossuary_entry_false_entrances
D:6:      layout_basic, mainiacjoe_overflow_two_lobes,
          minmay_temple_entry_arrows, serial_shops,
          nicolae_shop_advertising_works [nicolae_subvault_shop_adworks],
          nicolae_zig_zag_zippers
D:7:      layout_basic, enter_bailey_2, serial_shops, shop
D:8:      layout_basic, nicolae_tricolors
D:9:      layout_loops_ring, st_stairs_14
D:10:     layout_loops_ring, uniq_maurice
D:11:     cheibrodos_tormentor_scu, layout_loops_ring,
          erik_lair_orcish_takeover, david_orc_5, st_stairs_11, fedhas_altar_2
D:12:     layout_roguey, uniq_kirke, uniq_fannar
D:13:     layout_gridville, david_vaults_4, portal_ice_cave_rime, serial_shops,
          shop
D:14:     layout_roguey, grunt_gozag_breadcrumbs, tso_altar
D:15:     grunt_enter_depths_snipers, layout_small_grid,
          nicolae_dithmenos_shadow_blocks, st_stairs_3
Temple:   nicolae_temple_bog_church
Lair:1:   layout_loops_ring, uniq_maggie, uniq_joseph
Lair:2:   layout_gridlike, minmay_shoals_entry_beasts,
          nicolae_spider_entry_non_spiders, columned_hall_lemuel
Lair:3:   layout_layer_cave, uniq_amaemon, uniq_urug
Lair:4:   layout_loops_ring, slime_entry_1, basic_altar, gammafunk_ghost_split,
          st_stairs_8, eino_house_with_fridge
Lair:5:   wormcave, layout_big_grid, guppyfry_lair_end_dragon,
          gammafunk_ghost_hive
Shoals:1: layout_shoals, dpeg_stationary_puzzle
Shoals:2: layout_shoals, uniq_polyphemus
Shoals:3: cheibrodos_shoals_three_sisters, layout_shoals,
          nicolae_shoals_arrival_archipelago, uniq_ilsuiw
Shoals:4: shoals_end_hellmonk_lost_city, uniq_mlioglotl

Table legend: (Time is in decaauts)
 A = Elapsed time spent in this place.
 B = Non-inter-level travel time spent in this place.
 C = Inter-level travel time spent in this place.
 D = Time resting spent in this place.
 E = Time spent auto-exploring this place.
 F = Levels seen in this place.
 G = Mean time per level.
                   A        B        C        D        E       F      G
               +--------+--------+--------+--------+--------+-----+--------+
         Total |  38621 |  37469 |   1152 |  15785 |  15732 |  27 | 1430.4 |
       Dungeon |  18771 |  18135 |    636 |   6799 |   8501 |  15 | 1251.4 |
        Temple |     80 |     62 |     18 |      0 |      0 |   1 |   80.0 |
          Lair |   8363 |   7979 |    384 |   2514 |   4304 |   5 | 1672.6 |
        Shoals |   8293 |   8181 |    112 |   4705 |   2383 |   4 | 2073.2 |
        Bailey |    940 |    940 |      0 |    212 |    266 |   1 |  940.0 |
      Ice Cave |   2172 |   2172 |      0 |   1555 |    276 |   1 | 2172.0 |
               +--------+--------+--------+--------+--------+-----+--------+

Top non-repeatable levels by time:
Shoals:3: 4857 daAuts
    D:11: 3270 daAuts
  Lair:5: 2752 daAuts
   IceCv: 2172 daAuts
     D:5: 1917 daAuts
  Lair:4: 1861 daAuts
Shoals:2: 1733 daAuts
     D:4: 1664 daAuts
    D:15: 1554 daAuts
  Lair:3: 1500 daAuts
    D:13: 1327 daAuts
  Lair:2: 1324 daAuts
Shoals:1: 1122 daAuts
    D:14: 1119 daAuts
    D:12: 1031 daAuts

Table legend:
 A = Kills in this place as a percentage of kills in the entire game.
 B = Kills by you in this place as a percentage of kills by you in the entire game.
 C = Kills by friends in this place as a percentage of kills by friends in the entire game.
 D = Other kills in this place as a percentage of other kills in the entire game.
 E = Experience gained in this place as a percentage of experience gained in the entire game.
 F = Experience gained in this place divided by the number of levels of this place that you have seen.
                   A       B       C       D       E      F
               +-------+-------+-------+-------+-------+----------------------
         Total | 100.0 | 100.0 | 100.0 | 100.0 | 100.0 | 7636.7
       Dungeon |  43.8 |  48.7 |  30.5 |  33.3 |  26.3 | 3616.2
          Lair |  27.3 |  24.7 |  38.5 |   0.0 |  28.6 | 11803.6
        Shoals |  17.3 |  15.2 |  20.3 |  41.7 |  37.3 | 19209.2
        Bailey |   4.8 |   6.1 |   1.6 |   0.0 |   1.2 | 2409.0
      Ice Cave |   6.8 |   5.2 |   9.1 |  25.0 |   6.6 | 13684.0
               +-------+-------+-------+-------+-------+----------------------
